 Dungeon Crawl Stone Soup version 0.27.1-33-g824d729ab1 (webtiles) character file.

Game seed: 10364995971729584429

2 Descartes the Changer (level 1, 0/10 HPs)
             Began as a Spriggan Wanderer on Nov 26, 2021.
             Slain by a bat (1 damage)
             ... on level 1 of the Dungeon.
             The game lasted 00:02:30 (167 turns).

Descartes the Changer (Spriggan Wanderer)            Turns: 167, Time: 00:02:31

Health: 0/10       AC:  2    Str:  6    XL:     1   Next: 25%
Magic:  2/2        EV: 16    Int: 15    God:
Gold:   0          SH:  0    Dex: 14    Spells: 0/0 levels left

rFire    . . .     SeeInvis +   a - +0 dagger
rCold    . . .     Faith    .   (shield restricted)
rNeg     . . .     Spirit   .   c - +0 robe
rPois    .         Reflect  .   (helmet restricted)
rElec    .         Harm     .   (no cloak)
rCorr    .         Rampage  .   (gloves unavailable)
Will     .....                  (boots unavailable)
Stlth    +.........             (no amulet)
HPRegen  0.03/turn              (no ring)
MPRegen  0.08/turn              (no ring)

@: very quick
A: very small, no large weapons, unfitting armour, see invisible, speed 3
a: no special abilities


You were on level 1 of the Dungeon.
You visited 1 branch of the dungeon, and saw 1 of its levels.

Inventory:

Hand Weapons
 a - a +0 dagger (weapon)
Missiles
 b - 11 poisoned darts (quivered)
Armour
 c - a +0 robe (worn)


   Skills:
 - Level 1.0 Fighting
 + Level 0.3 Short Blades
 - Level 1.0 Polearms
 - Level 1.0 Throwing
 + Level 1.6 Dodging
 - Level 1.0 Shields
 - Level 6.6 Transmutations


You couldn't memorise any spells.
You didn't know any spells.
Your spell library contained the following spells:

 Spells                   Type           Power      Damage    Failure   Level
 Passwall                 Tmut/Erth      7%         N/A       11%         2
 Apportation              Tloc           0%         N/A       26%         1
 Sandblast                Erth           0%         2d4       26%         1
 Petrify                  Tmut/Erth      9%         N/A       56%         4
 Lesser Beckoning         Tloc           0%         N/A       63%         3
 Stone Arrow              Conj/Erth      0%         3d7       63%         3


Dungeon Overview and Level Annotations

Branches:
Dungeon (1/15)

Altars:


Innate Abilities, Weirdness & Mutations

You are very small and have problems with some larger weapons.
You are too small for most types of armour.
You have supernaturally acute eyesight. (SInv)
You cover ground extremely quickly. (Speed+++)


Message History

The frilled lizard completely misses you.
A kobold comes into view. It is wielding a +0 whip.
The kobold shouts!
The kobold misses you.
A bat comes into view.
The bat hits you but does no damage. The bat barely misses you.
The bat barely misses you. The bat barely misses you.
Found 12 gold pieces.
The bat completely misses you. The bat completely misses you.
The bat completely misses you.
You see here 12 gold pieces.
A goblin comes into view. It is wielding a +0 dagger.
The goblin shouts!
The bat barely misses you.
A rat comes into view.
The bat hits you but does no damage.
A hobgoblin comes into view.
The bat closely misses you. The bat barely misses you.
The hobgoblin shouts!
The bat hits you but does no damage. The bat closely misses you.
The bat hits you but does no damage. The rat misses you.
The bat hits you but does no damage. The bat closely misses you.
Found an escape hatch in the floor.
A bat comes into view.
Found 4 gold pieces.
The bat moves out of view.
Found a whip.
The bat barely misses you. The bat closely misses you. x3
You closely miss the bat. The bat misses you.
The bat hits you but does no damage. x2
You closely miss the bat. The bat closely misses you. x2
The bat hits you but does no damage.
You completely miss the bat. The bat completely misses you. The bat hits you.
* * * LOW HITPOINT WARNING * * *
You barely miss the bat. The bat hits you but does no damage. The bat hits you.
You die...

.....# .. $.... #.
..... #. #.). ..
#..# .. #b. ..
#.### ..
#@#.######+####
#.b.gS.KK.....####
##..###l.#.S..#...
#.#g....#....#...
#.#.....#....#...
#.#.........lS...
..#.......#######
.###..###.# #.
#..> ..#


You could see a hobgoblin, a goblin, 2 bats, a ball python, 2 kobolds and a
frilled lizard.

Vanquished Creatures
  A bat (D:1)
  A ball python (D:1)
2 creatures vanquished.

Notes
Turn   | Place    | Note
-------+----------+-------------------------------------------
     0 | D:1      | Descartes the Spriggan Wanderer began the quest for the
                  | Orb.
     0 | D:1      | Descartes set off with the following items: a +0 dagger, 11
                  | poisoned darts, a +0 robe; and the following spells
                  | available to memorise: Passwall, Apportation, Sandblast,
                  | Petrify, Lesser Beckoning, Stone Arrow
     0 | D:1      | Reached XP level 1. HP: 10/10 MP: 2/2
   167 | D:1      | Slain by a bat

Illustrated notes

Levels and vault maps discovered:
D:1:      dpeg_arrival_line_fractal, layout_basic

Action                   || total
-------------------------++-------
Melee: Dagger            ||    23
Armor: Robe              ||    13
Dodge: Dodged            ||    52
